 Dungeon Crawl Stone Soup version 0.29-a0-234-g0dae59b3db (webtiles) character file.

Game seed: 11685679971627228597

331 bande the Covered (level 6, -12/39 HPs)
             Began as a Gargoyle Fighter on Mar 3, 2022.
             Mangled by an ogre
             ... wielding a +0 giant club
              (19 damage)
             ... on level 5 of the Dungeon.
             The game lasted 00:06:14 (3914 turns).

bande the Covered (Gargoyle Fighter)                Turns: 3914, Time: 00:06:14

Health: -12/39     AC: 18    Str: 19    XL:     6   Next: 51%
Magic:  6/6        EV:  5    Int:  9    God:
Gold:   216        SH:  4    Dex: 11    Spells: 5/5 levels left

rFire   . . .      SeeInvis .   a - +0 war axe
rCold   . . .      Faith    .   c - +0 buckler
rNeg    + . .      Spirit   .   h - +0 plate armour
rPois   ∞          Reflect  .   f - +1 helmet
rElec   +          Harm     .   (no cloak)
rCorr   .          Rampage  .   (no gloves)
Will    .....                   (no boots)
Stlth   ..........              (no amulet)
HPRegen 0.13/turn               (no ring)
MPRegen 0.10/turn               (no ring)

@: no status effects
A: sickness immunity, AC +4, negative energy resistance 1, electricity
resistance, torment resistance 1, petrification resistance
a: no special abilities


You were on level 5 of the Dungeon.
You visited 1 branch of the dungeon, and saw 5 of its levels.

You collected 216 gold pieces.

Inventory:

Hand Weapons
 a - a +0 war axe (weapon)
 i - a +1 mace of holy wrath
Armour
 c - a +0 buckler (worn)
 f - a +1 helmet (worn)
 h - a +0 plate armour (worn)
Scrolls
 g - a scroll of amnesia {unknown}
 k - 2 scrolls of noise {unknown}
Potions
 b - a potion of heal wounds {unknown}
 d - a potion of might
 e - 3 potions of curing
 j - a potion of brilliance


   Skills:
 + Level 4.3 Fighting
 + Level 4.2 Axes
 + Level 4.8 Armour
 + Level 4.1 Shields


You had 5 spell levels left.
You didn't know any spells.
Your spell library contained the following spells:

 Spells                   Type           Power      Damage    Failure   Level
 Sandblast                Erth           0%         2d4       100%        1
 Passwall                 Tmut/Erth      0%         N/A       100%        2
 Ozocubu's Armour         Ice            0%         N/A       100%        3
 Stone Arrow              Conj/Erth      0%         3d7       100%        3
 Metabolic Englaciation   Hex/Ice        0%         N/A       100%        5
 Simulacrum               Ice/Necr       0%         N/A       100%        6
 Borgnjor's Revivificati  Necr           0%         N/A       100%        8
 Necromutation            Tmut/Necr      0%         N/A       100%        8
 Death's Door             Necr           0%         N/A       100%        9


Dungeon Overview and Level Annotations

Branches:
Dungeon (5/15)
 Temple: D:4-7

Altars:


Innate Abilities, Weirdness & Mutations

You are immune to sickness and miasma.
Your stone body is resilient. (AC +4)
You are immune to poison.
You resist negative energy. (rN+)
You are resistant to electric shocks. (rElec)
You are resistant to unholy torment.
You are immune to petrification.


Message History

Press ? for a list of commands and other information.
A jelly comes into view.
The jelly hits you but does no damage.
You hit the jelly but do no damage.
Your hands burn!
The jelly hits you but does no damage.
You slash the jelly!
Your hands burn!
The jelly is severely wounded.
The jelly hits you but does no damage.
You barely miss the jelly.
The jelly is heavily wounded.
The jelly hits you but does no damage. The jelly hits you.
The acid corrodes you!
You are splashed with acid!
You hit the jelly.
Your hands burn!
The jelly is severely wounded.
The jelly hits you but does no damage.
You hit the jelly.
You kill the jelly!
You start resting.
You are no longer corroded.
You start resting.
HP restored.
You start waiting.
Done waiting.
You start waiting.
An ogre comes into view. It is wielding a +0 giant club.
An ogre is nearby!
An ogre is nearby!
The ogre shouts!
Found a runed long sword.
You slash the ogre!
The ogre is moderately wounded.
The ogre barely misses you.
You barely miss the ogre.
The ogre is moderately wounded.
The ogre hits you with a +0 giant club! x2
* * * LOW HITPOINT WARNING * * *
You slash the ogre!
The ogre is severely wounded.
The ogre hits you with a +0 giant club!!
You die...

#.#### .####
#.# #.# #.# #..
#.# #.. # #.#
.. .. #.###.#
#.##.##..#
#.....#.######.
####...@O......
##...###..).
#..## # #...
#...# #...#
#.... .....#


You could see an ogre.

Vanquished Creatures
  An ogre (D:3)
  A hound (D:4)
  A jelly (D:5)
  9 adders
  3 gnolls (D:4)
  3 worms
  3 dart slugs
  An orc (D:5)
  7 endoplasms
  4 giant cockroaches
  2 goblins
  8 hobgoblins
  3 jackals (D:4)
  8 kobolds
  2 quokkas
  4 bats
  3 rats
63 creatures vanquished.

Notes
Turn   | Place    | Note
-------+----------+-------------------------------------------
     0 | D:1      | bande the Gargoyle Fighter began the quest for the Orb.
     0 | D:1      | Reached XP level 1. HP: 14/14 MP: 1/1
   165 | D:1      | Reached XP level 2. HP: 13/19 MP: 2/2
   287 | D:1      | Found a faded altar of an unknown god.
   954 | D:2      | Reached XP level 3. HP: 20/24 MP: 3/3
  1217 | D:2      | Reached XP level 4. HP: 27/29 MP: 4/4
  1823 | D:3      | Noticed an ogre
  1842 | D:3      | Killed an ogre
  1843 | D:3      | Reached XP level 5. HP: 24/33 MP: 5/5
  2640 | D:4      | Reached XP level 6. HP: 12/38 MP: 6/6
  3198 | D:4      | Identified the +3 scale mail of Kyrghauza {Drain Str+6
                  | Dex+6}
  3597 | D:5      | Entered Level 5 of the Dungeon
  3914 | D:5      | Mangled by an ogre

Illustrated notes

Levels and vault maps discovered:
D:1:      lemuel_arrival_room, layout_basic, shapermc_ecumenical_altar_ellora
D:2:      layout_loops_ring, minmay_unequal
D:3:      layout_basic
D:4:      layout_basic
D:5:      layout_rooms, serial_shops, kennysheep_mini,
          nicolae_shop_window_shopping, nicolae_lakefront_shop,
          nicolae_shop_crystal, nicolae_shop_hallway_plus

Skill      XL: |  1  2  3  4  5  6 |
---------------+-------------------+-----
Axes           | 2 3 4 |  4.2
Fighting       | 4 |  4.3
Armour         | 4 |  4.8
Shields        | 4 |  4.1

Action                   |  1- 3 |  4- 6 || total
-------------------------+-------+-------++-------
Melee: War axe           |    62 |   158 ||   220
  Use: Scroll            |       |     6 ||     6
Armor: Chain mail        |    33 |       ||    33
       Plate armour      |       |   138 ||   138
Dodge: Dodged            |    26 |    38 ||    64
Block: Buckler           |    10 |    38 ||    48

Table legend: (Time is in decaauts)
 A = Elapsed time spent in this place.
 B = Non-inter-level travel time spent in this place.
 C = Inter-level travel time spent in this place.
 D = Time resting spent in this place.
 E = Time spent auto-exploring this place.
 F = Levels seen in this place.
 G = Mean time per level.
                   A        B        C        D        E       F      G
               +--------+--------+--------+--------+--------+-----+--------+
         Total |   3997 |   3985 |     12 |    659 |   2648 |   5 |  799.4 |
       Dungeon |   3997 |   3985 |     12 |    659 |   2648 |   5 |  799.4 |
               +--------+--------+--------+--------+--------+-----+--------+

Top non-repeatable levels by time:
     D:4: 1044 daAuts
     D:3: 914 daAuts
     D:1: 903 daAuts
     D:2: 815 daAuts
     D:5: 319 daAuts
